Map: Taito Citadel LE

Players

HoldTheDoor

  • Race: Protoss Protoss
  • League: Diamond
  • Spawn Location: 5:00

Krys - Winner!

  • Race: Terran Terran
  • League: Diamond
  • Spawn Location: 11:00

VOD

Have the link to the VOD?

Description

Time

  • Played on: May 14, 2026, 1:04 p.m.
  • Length: 10:33
Show
View Real Time Build Order
Export as new Build Order

HoldTheDoor Protoss 

Build Orders: 1 Gate Expand, Colossus Rush 

Get SALT Encoding   

  12  0:00  Probe  
  13  0:12  Probe  
  14  0:17  Pylon  
  14  0:24  Probe  
  15  0:32  Probe  
  15  0:38  Gateway  
  15  0:40  Probe  
  17  0:51  Probe  
  17  0:52  Assimilator  
  18  1:03  Probe  
  19  1:09  Pylon  
  19  1:16  Probe  
  20  1:28  Probe  
  20  1:30  Cybernetics Core  
  21  1:38  Nexus  
  21  1:41  Probe  
  22  1:53  Assimilator, Probe  
  23  2:02  Pylon  
  23  2:14  Warp Gate  
  23  2:19  Probe  
  23  2:31  Probe, Gateway  
  23  2:35  Pylon  
  23  2:36  Stalker  
  24  2:43  Probe  
  27  2:46  Shield Battery  
  27  2:50  Pylon  
  27  2:55  Probe  
  27  3:16  Shield Battery  
  27  3:18  Probe x2  
  29  3:30  Probe x2  
  29  3:33  Robotics Facility  
  31  3:39  Pylon  
  31  3:42  Probe x2  
  33  3:57  Probe  
  34  4:10  Gateway  
  34  4:12  Gateway  
  34  4:14  Gateway  
  34  4:15  Pylon  
  34  4:17  Probe x2  
  34  4:22  Pylon  
  34  4:23  Observer  
  37  4:29  Probe x2  
  39  4:34  Robotics Bay  
  39  4:37  Sentry x2  
  43  4:41  Probe  
  44  4:48  Probe  
  44  4:49  Immortal  
  49  4:53  Probe  
  49  4:55  Assimilator  
  50  5:00  Probe  
  50  5:05  Probe  
  52  5:10  Gateway  
  52  5:13  Probe  
  53  5:18  Probe, Extended Thermal Lance  
  53  5:20  Colossus  
  54  5:25  Probe  
  61  5:30  Probe  
  61  5:31  Zealot  
  61  5:32  Zealot  
  66  5:37  Probe  
  66  5:40  Assimilator  
  66  5:42  Probe  
  68  5:47  Twilight Council  
  68  5:49  Gateway, Probe  
  69  5:53  Zealot x2  
  69  5:54  Probe, Zealot  
  76  6:01  Probe  
  76  6:04  Zealot x2  
  81  6:22  Forge  
  81  6:23  Pylon, Probe  
  82  6:26  Pylon  
  82  6:27  Pylon  
  82  6:29  Probe, Charge  
  83  6:35  Probe  
  84  6:40  Protoss Ground Weapons Level 1, Colossus  
  84  6:43  Probe  
  91  6:51  Probe  
  92  6:58  Probe  
  93  7:05  Photon Cannon  
  93  7:08  Probe  
  94  7:19  Nexus  
  94  7:22  Pylon  
  94  7:23  Pylon  
  94  7:27  Pylon  
  94  7:31  Zealot x6  
  94  7:34  Sentry  
  108  7:39  Colossus  
  114  7:45  Pylon  
  114  7:49  Probe, Pylon  
  115  7:52  Pylon  
  115  7:55  Pylon  
  115  7:56  Photon Cannon  
  115  7:58  Photon Cannon  
  115  8:02  Probe  
  115  8:03  Probe  
  117  8:17  Templar Archives  
  117  8:20  Gateway  
  117  8:21  Gateway  
  117  8:33  Zealot x4  
  117  8:34  Zealot x3  
  129  8:36  Probe x2  
  129  8:37  Probe  
  134  8:45  Photon Cannon  
  134  8:49  Photon Cannon  
  134  8:54  Pylon  
  134  8:59  Shield Battery  
  134  9:01  Assimilator  
  134  9:05  Psionic Storm, Assimilator  
  134  9:06  High Templar  
  134  9:07  High Templar x6  
  148  9:13  Archon x2  
  148  9:30  Zealot  
  148  9:31  Zealot  
  152  9:40  Pylon  
  152  9:45  Pylon  
  152  9:48  Photon Cannon  
  152  9:55  Pylon  
  124  10:15  Archon  
  96  10:25  Zealot x5  
  96  10:26  Zealot x4  
Show
View Real Time Build Order
Export as new Build Order

Krys Terran - Winner!

Build Orders:  

Get SALT Encoding   

  12  0:00  SCV  
  13  0:12  SCV  
  14  0:17  Supply Depot  
  14  0:24  SCV  
  15  0:38  SCV  
  15  0:40  Barracks  
  16  0:45  Refinery  
  16  0:50  SCV  
  17  1:03  SCV  
  18  1:15  SCV  
  19  1:24  Supply Depot  
  19  1:33  Orbital Command  
  19  1:34  Marine  
  20  1:56  Reaper  
  20  2:00  SCV  
  22  2:12  Command Center  
  22  2:14  SCV  
  23  2:26  SCV  
  23  2:27  Barracks  
  24  2:30  Barracks Reactor  
  24  2:38  Barracks  
  24  2:43  SCV  
  25  2:52  Bunker  
  25  2:55  SCV  
  26  3:02  Engineering Bay  
  26  3:08  SCV  
  26  3:09  Marine x2  
  29  3:15  Barracks Tech Lab  
  29  3:20  SCV  
  29  3:24  Orbital Command  
  30  3:29  Barracks Tech Lab  
  30  3:32  SCV  
  30  3:34  Marine x2  
  31  3:35  Marine, Supply Depot  
  34  3:45  SCV  
  35  3:53  Marine x4  
  39  3:57  SCV  
  40  4:03  Refinery  
  40  4:05  Supply Depot  
  40  4:06  Refinery  
  40  4:07  SCV, Refinery  
  40  4:09  SCV  
  42  4:15  Terran Infantry Weapons Level 1  
  42  4:18  Marine x4  
  42  4:19  SCV  
  42  4:22  SCV  
  48  4:31  SCV  
  48  4:32  Stimpack  
  48  4:34  SCV  
  48  4:35  Marine  
  48  4:36  Marine  
  52  4:43  Supply Depot, SCV  
  53  4:46  SCV  
  53  4:50  Marine x2  
  56  4:53  Marine  
  56  4:56  SCV  
  56  4:58  Combat Shield, SCV  
  59  5:12  Command Center  
  59  5:13  SCV x2  
  61  5:19  Supply Depot x2  
  61  5:22  Marauder  
  61  5:25  Marauder  
  65  5:39  Supply Depot  
  65  5:43  Sensor Tower  
  65  5:44  Marine x2, Marauder  
  69  5:53  Supply Depot  
  69  5:56  Supply Depot  
  69  5:59  SCV x2  
  71  6:09  Factory  
  71  6:10  Factory  
  71  6:11  SCV x2  
  73  6:12  Concussive Shells  
  73  6:15  Marine  
  73  6:16  Marine, Marauder x2, Supply Depot  
  79  6:27  Supply Depot  
  79  6:31  SCV x2, Orbital Command  
  81  6:39  Marine x2, Marauder  
  87  6:40  Marauder  
  87  6:42  Missile Turret  
  87  6:44  SCV x2  
  89  7:00  Starport x2  
  89  7:03  Supply Depot  
  89  7:07  Factory Reactor, Factory Tech Lab  
  89  7:09  Marine x2, Marauder x2  
  89  7:11  Terran Infantry Armor Level 1  
  89  7:14  Armory, Engineering Bay  
  94  7:23  SCV  
  94  7:24  SCV x2  
  94  7:28  Orbital Command  
  94  7:29  Missile Turret  
  97  7:32  Marine x3, Marauder, Missile Turret  
  102  7:42  Factory Tech Lab  
  102  7:44  Refinery  
  102  7:48  Missile Turret, Refinery  
  102  7:49  Marine  
  103  7:53  Missile Turret, SCV x3  
  103  7:55  Raven  
  103  7:56  Medivac  
  103  7:58  Factory Tech Lab  
  110  8:00  Medivac  
  112  8:07  SCV x2  
  113  8:21  SCV x3  
  113  8:27  Supply Depot  
  116  8:28  Supply Depot  
  116  8:29  Supply Depot  
  116  8:33  SCV x2  
  118  8:35  Siege Tank  
  118  8:36  Siege Tank, Medivac x2  
  118  8:37  Sensor Tower, Medivac  
  130  8:47  SCV  
  131  8:52  Command Center  
  131  8:57  SCV x2  
  131  8:58  Marine x2  
  131  8:59  Marauder x2, SCV  
  140  9:09  Liberator x3  
  149  9:18  Siege Tank  
  149  9:19  Siege Tank  
  149  9:22  Missile Turret, Sensor Tower  
  155  9:31  Barracks  
  155  9:32  Barracks  
  155  9:33  Barracks  
  155  9:38  SCV x3  
  157  9:50  SCV  
  158  10:01  Refinery x2  
  129  10:26  Missile Turret  
  129  10:27  Missile Turret  
Tags
 
Add a new tag
Caveats
  • Supply blocks, unpowered buildings, or Contaminate may cause inaccurate times.
  • Supply counts are checked every 10 seconds.